[Event "Titled Tuesday Blitz February 22 Early 2022"]
[White "Piesik, Piotr"]
[Black "Goltsev, Dmitry"]
[WhiteFideId "1136194"]
[BlackFideId "24176710"]
[WhiteElo "2232"]
[BlackElo "2273"]
[Result "1/2-1/2"]
[Round "07"]
[TimeControl "180+1"]
[Date "2022.02.22"]
[WhiteClock "0:00:15"]
[BlackClock "0:00:03"]

1. Nf3 d5 2. g3 c6 3. Bg2 Nf6 4. O-O g6 5. d3 Bg7 6. Nbd2 O-O 7. e4 dxe4 8. dxe4 Nbd7 9. Qe2 e5 10. a4 Qe7 11. b3 b6 12. Ba3 c5 13. Rfd1 a5 14. Nc4 Ba6 15. Nfd2 Rfd8 16. Qe1 Ne8 17. Bb2 Nc7 18. Ne3 Ne6 19. Nd5 Qf8 20. c3 Rab8 21. Bf1 Bb7 22. Bc4 Nf6 23. Nxf6+ Bxf6 24. Bxe6 fxe6 25. Nc4 Bg7 26. Rxd8 Rxd8 27. Kg2 Rd3 28. Qe2 Qd8 29. Bc1 Rxc3 30. f3 Rxb3 31. Qc2 Rd3 32. Be3 Ba6 33. Bf2 Bxc4 34. Qxc4 Rd2 35. Qxe6+ Kh8 36. Rb1 Rd6 37. Qf7 Qf8 38. Qc4 h5 39. h4 Kh7 40. Rb3 Qf6 41. Rd3 Rxd3 42. Qxd3 Qc6 43. Qc4 Qd7 44. Qb3 Bh6 45. Qxb6 c4 46. Qxa5 Bd2 47. Qxe5 c3 48. Bd4 Kg8 49. Qh8+ Kf7 50. Qg7+ Ke8 51. Qxg6+ Kd8 52. Qf6+ Ke8 53. Bxc3 Qd3 54. Qe6+ Kd8 55. Bxd2 Qe2+ 56. Kg1 Qd1+ 57. Kh2 Qe2+ 58. Kg1 Qd1+ 59. Kf2 Qxd2+ 60. Kf1 Qd1+ 61. Kg2 Qe2+ 62. Kh3 Qf1+ 63. Kh2 Qf2+ 64. Kh3 Qf1+ 65. Kh2 Qf2+ 66. Kh3 Qf1+ 1/2-1/2


[Site "https://www.chess.com"]

[Event "Titled Tuesday Blitz February 22 Early 2022"]
[White "Piliczewski, Bogusz"]
[Black "Kaplan, Ebru"]
[WhiteFideId "1104144"]
[BlackFideId "6315194"]
[WhiteElo "1896"]
[BlackElo "1941"]
[Result "1/2-1/2"]
[Round "07"]
[TimeControl "180+1"]
[Date "2022.02.22"]
[WhiteClock "0:00:26"]
[BlackClock "0:01:21"]

1. d4 d5 2. Nf3 Nf6 3. c4 c6 4. e3 Bf5 5. Bd3 Bg6 6. O-O e6 7. Nc3 Be7 8. Qe2 O-O 9. e4 dxe4 10. Nxe4 Nxe4 11. Bxe4 Bxe4 12. Qxe4 Nd7 13. Rd1 Nf6 14. Qf4 Bd6 15. Qh4 h6 16. Ne5 Qe7 17. Rd3 Nd5 18. Qg3 Nb4 19. Bxh6 Qf6 20. Qxg7+ Qxg7 21. Bxg7 Kxg7 22. Rg3+ Kh7 23. Rh3+ Kg7 24. Rg3+ Kh6 25. Rh3+ Kg5 26. Rg3+ Kh6 27. Rh3+ Kg7 28. Rg3+ 1/2-1/2


[Site "https://www.chess.com"]

[Event "Titled Tuesday Blitz February 22 Early 2022"]
[White "Poormosavi, Seyed Kian"]
[Black "Begunov, Konstantin"]
[WhiteFideId "12585807"]
[BlackFideId "4118510"]
[WhiteElo "2116"]
[BlackElo "2262"]
[Result "1-0"]
[Round "07"]
[TimeControl "180+1"]
[Date "2022.02.22"]
[WhiteClock "0:00:04"]
[BlackClock "0:00:01"]

1. e4 c5 2. Nf3 d6 3. c3 Nf6 4. Be2 Nc6 5. d4 cxd4 6. cxd4 Nxe4 7. d5 Qa5+ 8. Nc3 Nxc3 9. bxc3 Ne5 10. Nxe5 dxe5 11. O-O g6 12. Qb3 a6 13. Be3 Qc7 14. Bb6 Qd7 15. c4 Bg7 16. c5 O-O 17. Rac1 e4 18. c6 Qf5 19. Be3 bxc6 20. dxc6 Be6 21. Qa4 Qd5 22. Rfd1 Qxa2 23. Qxa2 Bxa2 24. c7 Be5 25. Bb6 Be6 26. Rd8 a5 27. Rcd1 Rc8 28. Ba6 Rxc7 29. Bxc7 Bxc7 30. Rxf8+ Kxf8 31. Bb5 Bd6 32. Rc1 f5 33. Rc6 Kf7 34. Ra6 Bb4 35. Be8+ Kf6 36. Bd7 Bd6 37. Bxe6 Kxe6 38. Rxa5 f4 39. Kf1 h6 40. Ra8 g5 41. Rh8 Kf5 42. Rxh6 f3 43. h3 fxg2+ 44. Kxg2 Bc5 45. Rc6 Ba7 46. Rc7 Bb8 47. Rxe7 Bf4 48. Rb7 Ke5 49. Rb5+ Kf6 50. Kf1 Ke6 51. Ke2 Kf6 52. Kd1 Be5 53. Rd5 Kf5 54. Kd2 Kf4 55. Ke2 Bb8 56. Rd8 Ba7 57. Rf8+ Ke5 58. Rf7 Bc5 59. Kd2 Ke6 60. Rg7 Bd6 61. Ke3 Kf5 62. Rf7+ Ke5 63. Rb7 Bc5+ 64. Ke2 Bd6 65. Rb5+ Kf4 66. Rd5 Bb4 67. Rd4 Bc5 68. Rc4 Bb6 69. f3 Bc7 70. Rxe4+ Kf5 71. Rg4 Bf4 72. Kd3 Ke5 73. Kc4 Kf5 74. Kd5 Bd2 75. h4 Bf4 76. h5 Be3 77. Kd6 Kf6 78. Kd7 Bc5 79. Ke8 Be3 80. Kf8 Bc5+ 81. Kg8 Bd4 82. h6 Kf5 83. h7 Bh8 84. Kxh8 Kg6 85. Kg8 1-0


[Site "https://www.chess.com"]

[Event "Titled Tuesday Blitz February 22 Early 2022"]
[White "Popadic, Dragan"]
[Black "Omariev, Maksim"]
[WhiteFideId "913650"]
[BlackFideId "4193423"]
[WhiteElo "2199"]
[BlackElo "2493"]
[Result "1-0"]
[Round "07"]
[TimeControl "180+1"]
[Date "2022.02.22"]
[WhiteClock "0:02:16"]
[BlackClock "0:00:43"]

1. e4 c5 2. Nc3 d6 3. f4 Nc6 4. Nf3 g6 5. Bc4 Bg7 6. d3 e6 7. O-O Nge7 8. Qe1 h6 9. Bb3 a6 10. a4 Bd7 11. Kh1 Nd4 12. Nxd4 cxd4 13. Ne2 b5 14. Qf2 bxa4 15. Bxa4 Bxa4 16. Rxa4 Qd7 17. b3 Nc6 18. Bb2 e5 19. fxe5 dxe5 20. Ba3 a5 21. Rc4 Rb8 22. Rxc6 Qc7 23. Rxc7 1-0


[Site "https://www.chess.com"]

[Event "Titled Tuesday Blitz February 22 Early 2022"]
[White "Potapova, Margarita"]
[Black "Estrada Nieto, Julian"]
[WhiteFideId "14126869"]
[BlackFideId "5101018"]
[WhiteElo "2209"]
[BlackElo "2246"]
[Result "1-0"]
[Round "07"]
[TimeControl "180+1"]
[Date "2022.02.22"]
[WhiteClock "0:00:25"]
[BlackClock "0:00:01"]

1. e4 e5 2. Nf3 Nc6 3. Nc3 Nf6 4. d4 exd4 5. Nxd4 Bb4 6. Nxc6 bxc6 7. Bd3 d5 8. exd5 O-O 9. O-O cxd5 10. Bg5 c6 11. Qf3 h6 12. Bxf6 Qxf6 13. Qxf6 gxf6 14. Ne2 Bd7 15. Ng3 Rfe8 16. c3 Bf8 17. Rfe1 Rab8 18. b3 Re5 19. f4 Rxe1+ 20. Rxe1 Bg4 21. h3 Bd7 22. Nh5 Bg7 23. Kf2 Re8 24. Rxe8+ Bxe8 25. Ke3 c5 26. b4 d4+ 27. cxd4 cxb4 28. d5 Bh8 29. f5 Bg7 30. Kd4 Ba4 31. d6 Bf8 32. Kc5 b3 33. axb3 Bxb3 34. Kc6 Ba4+ 35. Kc7 a5 36. d7 Be7 37. d8=Q+ Bxd8+ 38. Kxd8 Bc6 39. g3 a4 40. Bc4 Kf8 41. Nxf6 Bg2 42. h4 a3 43. Ba2 Bh3 44. g4 Kg7 45. Nh5+ Kf8 46. Nf6 Kg7 47. Ne8+ Kf8 48. Nd6 Bxg4 49. Kc7 Ke7 50. Kc6 Kf6 51. Bb1 Bf3+ 52. Kc5 Bd1 53. Ne8+ 1-0


[Site "https://www.chess.com"]

[Event "Titled Tuesday Blitz February 22 Early 2022"]
[White "Prohorov, Olexandr"]
[Black "Chincholimath, Halsagar"]
[WhiteFideId "14105578"]
[BlackFideId "5022487"]
[WhiteElo "1993"]
[BlackElo "1737"]
[Result "1-0"]
[Round "07"]
[TimeControl "180+1"]
[Date "2022.02.22"]
[WhiteClock "0:00:40"]
[BlackClock "0:00:01"]

1. e4 c6 2. d4 d5 3. e5 Bf5 4. Nc3 e6 5. g4 Bg6 6. Nge2 Nd7 7. Nf4 Ne7 8. h4 h6 9. Nxg6 Nxg6 10. h5 Ne7 11. f4 c5 12. Be3 cxd4 13. Bxd4 Nc6 14. Ne2 Be7 15. Bf2 Rc8 16. c3 Qa5 17. Bg2 Qb5 18. Rb1 Nc5 19. O-O O-O 20. Nd4 Qd3 21. Qe1 Qa6 22. Be3 Qxa2 23. g5 hxg5 24. fxg5 Nxe5 25. Qg3 Bd6 26. Bf4 Ncd3 27. g6 fxg6 28. Bxe5 Nxe5 29. Qh3 Qc4 30. Qxe6+ Kh8 31. Qxd6 Ng4 32. hxg6 Rxf1+ 33. Rxf1 Qd3 34. Rf8+ 1-0


[Site "https://www.chess.com"]

[Event "Titled Tuesday Blitz February 22 Early 2022"]
[White "Putri, Regita Desyari"]
[Black "Bazarov, Konstantin"]
[WhiteFideId "7109083"]
[BlackFideId "4137000"]
[WhiteElo "1930"]
[BlackElo "2079"]
[Result "1/2-1/2"]
[Round "07"]
[TimeControl "180+1"]
[Date "2022.02.22"]
[WhiteClock "0:00:06"]
[BlackClock "0:00:07"]

1. d4 Nf6 2. c4 b6 3. Nf3 Bb7 4. g3 e6 5. Bg2 g6 6. O-O Bg7 7. Nc3 Ne4 8. Qd3 Nxc3 9. Qxc3 O-O 10. Qd3 d6 11. e4 Nd7 12. Bg5 Qc8 13. Rfe1 e5 14. Rad1 exd4 15. Nxd4 Ne5 16. Qc2 Qg4 17. Be3 Rfe8 18. h3 Qd7 19. f4 Nc6 20. Nxc6 Qxc6 21. Bd4 Bxd4+ 22. Rxd4 Qc5 23. Rd1 b5 24. Kh2 b4 25. R1d2 a5 26. f5 Qe5 27. Qd3 Re7 28. a3 Rae8 29. fxg6 hxg6 30. Re2 Kg7 31. axb4 axb4 32. Qd2 Rh8 33. Rd3 Qc5 34. Rb3 Qh5 35. Rxb4 Bc8 36. Rb8 Ree8 37. Kg1 Bxh3 38. Rxe8 Rxe8 39. Qd4+ f6 40. Qf2 Be6 41. b3 Ra8 42. Ra2 Rb8 43. Rb2 Qe5 44. Kh2 Bxc4 45. b4 Bf7 46. Kg1 Ra8 47. Bf1 Ra1 48. b5 Ra3 49. Rc2 Rxg3+ 50. Bg2 Be6 51. Rxc7+ Kh6 52. Re7 Kg5 53. Qd2+ Kh4 54. Qf2 g5 55. Rh7+ Kg4 56. Qe2+ Kf4 57. Qf2+ Kg4 58. Qe2+ Kf4 59. Qf2+ Kg4 1/2-1/2


[Site "https://www.chess.com"]

[Event "Titled Tuesday Blitz February 22 Early 2022"]
[White "Richter, Nils"]
[Black "Manukian, Artak"]
[WhiteFideId "12990809"]
[BlackFideId "13301373"]
[WhiteElo "2289"]
[BlackElo "2484"]
[Result "0-1"]
[Round "07"]
[TimeControl "180+1"]
[Date "2022.02.22"]
[WhiteClock "0:00:20"]
[BlackClock "0:00:13"]

1. e4 c6 2. Nf3 d5 3. Nc3 dxe4 4. Nxe4 Nf6 5. Qe2 Nxe4 6. Qxe4 Nd7 7. Bc4 Nf6 8. Ne5 e6 9. Qe2 Qc7 10. O-O b5 11. Bd3 Bd6 12. Nxc6 Bxh2+ 13. Kh1 O-O 14. Bxb5 Bb7 15. d4 Rfc8 16. c3 a6 17. Ba4 Bd6 18. Ne5 Bd5 19. Bf4 Qb7 20. f3 Bxe5 21. Bxe5 Bc4 22. Qd2 Bxf1 23. Rxf1 Qe7 24. Qg5 Nd5 25. Qg3 f6 26. Bf4 Nxf4 27. Qxf4 e5 28. Bb3+ Kh8 29. Qe4 Qd6 30. d5 a5 31. Rd1 g6 32. Ba4 Rab8 33. Qc2 Rc5 34. Bc6 Rd8 35. Re1 Kg7 36. a3 Rc4 37. Qf2 Qc5 38. Qxc5 Rxc5 39. Kg1 Rb8 40. Re2 f5 41. Kf2 Kf6 42. Rc2 Ke7 43. Ke3 Rc4 44. Kd3 Rh4 45. b4 axb4 46. axb4 e4+ 47. fxe4 fxe4+ 48. Kd4 Kd6 49. Re2 Rf8 50. c4 Rff4 51. c5+ Kc7 52. Kc4 e3+ 53. Kb5 Rxb4+ 54. Ka5 Rbc4 55. Rb2 Rxc5+ 56. Bb5 Rxd5 57. Rc2+ Kd6 58. Re2 Re4 59. Kb6 Rb4 60. Rxe3 Rbxb5+ 61. Ka6 Ra5+ 62. Kb6 Rab5+ 63. Ka6 Re5 64. Rd3+ Rbd5 65. Rb3 Ke6 66. Rb7 Rd6+ 67. Ka7 Kf6 68. Rxh7 Re7+ 69. Rxe7 Kxe7 70. Kb7 Rd2 71. Kc7 Rxg2 0-1


[Site "https://www.chess.com"]

[Event "Titled Tuesday Blitz February 22 Early 2022"]
[White "Rodchenkov, Sergey D."]
[Black "Prieto Aranguren, Alain"]
[WhiteFideId "4168712"]
[BlackFideId "2268906"]
[WhiteElo "2306"]
[BlackElo "2235"]
[Result "0-1"]
[Round "07"]
[TimeControl "180+1"]
[Date "2022.02.22"]
[WhiteClock "0:00:12"]
[BlackClock "0:00:12"]

1. e4 e5 2. Nf3 d5 3. exd5 e4 4. Qe2 Nf6 5. Nc3 Be7 6. Nxe4 O-O 7. d3 Nxd5 8. Bd2 Re8 9. O-O-O c6 10. g4 Bxg4 11. Rg1 f5 12. Rxg4 fxg4 13. Ne5 Nd7 14. Nxg4 N7f6 15. Bg2 a5 16. Rg1 Kh8 17. Ne5 Qc7 18. Ng5 Bd6 19. d4 Bxe5 20. dxe5 h6 21. Nf3 Nd7 22. c4 Nb4 23. a3 Na6 24. Bf4 Ndc5 25. Kb1 Qf7 26. Bg3 Rad8 27. Nh4 Nb3 28. Ka2 Nac5 29. Be4 Rd2 30. Qe3 Qxc4 31. Ng6+ Kg8 32. Bb1 Nc1+ 33. Ka1 N5b3+ 0-1


[Site "https://www.chess.com"]

[Event "Titled Tuesday Blitz February 22 Early 2022"]
[White "Rudykh, Stepan"]
[Black "Berezin, Viktor"]
[WhiteFideId "4180321"]
[BlackFideId "14107872"]
[WhiteElo "2125"]
[BlackElo "2310"]
[Result "0-1"]
[Round "07"]
[TimeControl "180+1"]
[Date "2022.02.22"]
[WhiteClock "0:00:04"]
[BlackClock "0:00:07"]

1. e4 d5 2. exd5 Nf6 3. Nf3 Bg4 4. Bb5+ Nbd7 5. h3 Bh5 6. g4 Bg6 7. d4 a6 8. Ba4 b5 9. Bb3 Nb6 10. O-O h5 11. Ne5 Be4 12. g5 Nfxd5 13. Qe2 Bf5 14. Qf3 e6 15. g6 fxg6 16. Qg3 Bd6 17. Bg5 Nf6 18. Nd2 O-O 19. Rae1 Nbd5 20. Qh4 Qe8 21. Bxf6 gxf6 22. Bxd5 exd5 23. Ng4 Qc8 24. Nxf6+ Kg7 25. Nxd5 Qd7 26. Ne7 Rae8 27. Nxf5+ Qxf5 28. Rxe8 Rxe8 29. d5 Re2 30. Qd4+ Be5 31. Qd3 Qf4 32. Qg3 Qxg3+ 33. fxg3 Rxd2 34. Re1 Bd6 35. Rc1 Rxd5 36. Re1 Rd2 0-1


[Site "https://www.chess.com"]

[Event "Titled Tuesday Blitz February 22 Early 2022"]
[White "Sadhwani, Raunak"]
[Black "Aradhya, Garg"]
[WhiteFideId "35093487"]
[BlackFideId "25006746"]
[WhiteElo "2616"]
[BlackElo "2169"]
[Result "1-0"]
[Round "07"]
[TimeControl "180+1"]
[Date "2022.02.22"]
[WhiteClock "0:00:24"]
[BlackClock "0:00:06"]

1. c4 c6 2. d4 d5 3. Nf3 Nf6 4. e3 Bf5 5. Nc3 e6 6. Nh4 h5 7. Nxf5 exf5 8. Qb3 Qd7 9. Bd3 g6 10. Bd2 Be7 11. f3 O-O 12. O-O-O dxc4 13. Bxc4 b5 14. Be2 a5 15. e4 fxe4 16. fxe4 a4 17. Qc2 a3 18. b3 Qxd4 19. Bf4 Qc5 20. e5 Nd5 21. Nxd5 cxd5 22. Qxc5 Bxc5 23. Rxd5 Rc8 24. Kb1 Na6 25. Bxb5 Nb4 26. Rd7 Rd8 27. Rhd1 Rxd7 28. Rxd7 Ra7 29. Rd8+ Kg7 30. Bg5 Be7 31. Bxe7 Rxe7 32. Rd4 Rxe5 33. Rxb4 Re1+ 34. Kc2 Ra1 35. Bc6 Rxa2+ 36. Kd3 Ra1 37. Ra4 a2 38. Bf3 Rb1 39. Rxa2 Rxb3+ 40. Ke2 Rb6 41. Kf2 Kh6 42. Ra7 f5 43. h4 Rb4 44. Kg3 f4+ 45. Kh3 Rb1 46. Kh2 Rb4 47. Re7 Rb6 48. Re4 Rf6 49. Ra4 Rf5 50. Ra6 Kg7 51. Be4 Rf6 52. Rxf6 Kxf6 53. Kg1 g5 54. hxg5+ Kxg5 55. Bf3 Kg6 56. Kh2 Kh6 57. Kh3 Kg5 58. Be2 Kh6 59. Kh4 Kg6 60. Bxh5+ Kh6 61. Bf3 Kg6 62. Kg4 Kf6 63. Kxf4 1-0


[Site "https://www.chess.com"]

[Event "Titled Tuesday Blitz February 22 Early 2022"]
[White "Sadykov, Ramil"]
[Black "Murthy, Pappu"]
[WhiteFideId "24113590"]
[BlackFideId "2013401"]
[WhiteElo "2300"]
[BlackElo "1930"]
[Result "1-0"]
[Round "07"]
[TimeControl "180+1"]
[Date "2022.02.22"]
[WhiteClock "0:01:50"]
[BlackClock "0:00:13"]

1. d4 Nf6 2. Nc3 d5 3. Bf4 c5 4. e3 Nc6 5. Nb5 e5 6. Bxe5 Nxe5 7. dxe5 Ne4 8. Qxd5 Bf5 9. f3 Qa5+ 10. c3 Rd8 11. Qxb7 Rc8 1-0


[Site "https://www.chess.com"]

[Event "Titled Tuesday Blitz February 22 Early 2022"]
[White "Safarli, Eltaj"]
[Black "Vidit, Santosh Gujrathi"]
[WhiteFideId "13402129"]
[BlackFideId "5029465"]
[WhiteElo "2634"]
[BlackElo "2654"]
[Result "1/2-1/2"]
[Round "07"]
[TimeControl "180+1"]
[Date "2022.02.22"]
[WhiteClock "0:00:03"]
[BlackClock "0:00:02"]

1. e4 e5 2. Nf3 Nc6 3. Bb5 a6 4. Ba4 Nf6 5. Nc3 Bc5 6. d3 b5 7. Bb3 h6 8. a4 b4 9. Nd5 d6 10. Be3 Rb8 11. h3 O-O 12. O-O Be6 13. a5 Bxe3 14. fxe3 Bxd5 15. exd5 Ne7 16. Nh4 Nexd5 17. Qf3 c6 18. Nf5 Kh7 19. Rf2 g6 20. Ng3 Kg7 21. Raf1 Rb5 22. Ne4 Nh7 23. Qg3 Rxa5 24. d4 Qe7 25. c4 bxc3 26. bxc3 Ra3 27. Nd2 Qg5 28. Qf3 f5 29. Bxd5 cxd5 30. Qxd5 Rxc3 31. Qxd6 Qxe3 32. Nf3 Rf6 33. Qe7+ Rf7 34. Qd6 Rf6 35. Qe7+ Rf7 36. Qd6 Rf6 1/2-1/2


[Site "https://www.chess.com"]

[Event "Titled Tuesday Blitz February 22 Early 2022"]
[White "Sahil, Tickoo"]
[Black "Moksh Amit Doshi"]
[WhiteFideId "5019710"]
[BlackFideId "25064967"]
[WhiteElo "2099"]
[BlackElo "2245"]
[Result "1-0"]
[Round "07"]
[TimeControl "180+1"]
[Date "2022.02.22"]
[WhiteClock "0:00:11"]
[BlackClock "0:00:14"]

1. d4 Nf6 2. c4 e6 3. Nc3 Bb4 4. Qc2 O-O 5. a3 Bxc3+ 6. Qxc3 d5 7. Nf3 dxc4 8. Qxc4 b6 9. Bg5 Bb7 10. e3 Nbd7 11. Be2 c5 12. O-O h6 13. Bh4 Rc8 14. Rfd1 Qe7 15. Rac1 g5 16. Bg3 Ne4 17. dxc5 Ndxc5 18. Qa2 Rfd8 19. Qb1 Bd5 20. Be5 Nb3 21. Rxc8 Rxc8 22. Bd3 Nbc5 23. Bc2 f5 24. Nd2 Rd8 25. Nxe4 Bxe4 26. Bxe4 Nxe4 27. Rxd8+ Qxd8 28. Qc1 Nc5 29. h3 Qd5 30. Qc3 Qd7 31. b4 Ne4 32. Qd4 Qxd4 33. Bxd4 Kf7 34. a4 Ke7 35. a5 bxa5 36. bxa5 a6 37. f3 Nd6 38. g4 Nb5 39. Bg7 Nc3 40. Bxc3 1-0


[Site "https://www.chess.com"]

[Event "Titled Tuesday Blitz February 22 Early 2022"]
[White "Sahin, Handenur"]
[Black "Caputcuoglu, Zeki Berke"]
[WhiteFideId "6334865"]
[BlackFideId "34548610"]
[WhiteElo "2122"]
[BlackElo "1368"]
[Result "0-1"]
[Round "07"]
[TimeControl "180+1"]
[Date "2022.02.22"]
[WhiteClock "0:00:29"]
[BlackClock "0:00:57"]

1. e4 e5 2. Nf3 Nc6 3. Bb5 a6 4. Ba4 Nf6 5. d3 b5 6. Bb3 Be7 7. O-O d6 8. a3 O-O 9. Be3 Be6 10. Nc3 Bxb3 11. cxb3 d5 12. Bg5 dxe4 13. dxe4 h6 14. Bxf6 Bxf6 15. Nd5 Bg5 16. Qc2 Ne7 17. Rad1 Ng6 18. Nb6 Qf6 19. Nxa8 Rxa8 20. Nxg5 hxg5 21. Qxc7 Nf4 22. Qd7 g6 23. Rd6 Ne6 24. Rc1 Qf4 25. Rc8+ Rxc8 26. Qxc8+ Kg7 27. Rxe6 fxe6 28. Qd7+ Kh6 29. Qc6 Qd2 30. h4 gxh4 31. Qxe6 Qxb2 32. Qg4 Qc1+ 33. Kh2 Qf4+ 34. Qxf4+ exf4 35. g3 hxg3+ 36. fxg3 Kg5 37. Kg2 fxg3 38. Kxg3 Kf6 39. Kf4 g5+ 40. Kg4 Ke5 41. Kxg5 Kxe4 42. a4 b4 43. Kf6 Kd3 44. a5 Kc3 45. Ke5 Kxb3 46. Kd5 Kc3 47. Kc6 b3 48. Kb6 b2 49. Kxa6 b1=Q 50. Ka7 Kc4 51. a6 Kc5 52. Ka8 Kc6 53. a7 Qb7# 0-1


[Site "https://www.chess.com"]

[Event "Titled Tuesday Blitz February 22 Early 2022"]
[White "Samaganova, Aleksandra"]
[Black "Rich, Albert J"]
[WhiteFideId "13800221"]
[BlackFideId "2028735"]
[WhiteElo "1859"]
[BlackElo "2382"]
[Result "0-1"]
[Round "07"]
[TimeControl "180+1"]
[Date "2022.02.22"]
[WhiteClock "0:00:01"]
[BlackClock "0:00:24"]

1. c4 e6 2. Nc3 d5 3. e3 c5 4. d4 Nf6 5. Nf3 a6 6. cxd5 exd5 7. Bd3 Nc6 8. O-O Bd6 9. dxc5 Bxc5 10. a3 O-O 11. b4 Bb6 12. Bb2 Bg4 13. h3 Bh5 14. Be2 Qd6 15. b5 Ne7 16. Nd4 Bc7 17. g3 Bxe2 18. Qxe2 Rfe8 19. Rfd1 Bb6 20. Qf3 Rad8 21. a4 Ng6 22. Ba3 Qd7 23. Qg2 Ne5 24. bxa6 bxa6 25. Rab1 Nc4 26. Bc1 Ba7 27. Kh2 h5 28. Nf3 Qc7 29. Ne2 Ne4 30. Rb3 Qc6 31. Rbd3 Bb8 32. Ned4 Qxa4 33. Nf5 g6 34. N5d4 Qd7 35. Ba3 a5 36. Rb1 Qa4 37. Rdb3 Nxa3 38. Ra1 Bd6 39. Ne1 Rb8 40. Rd3 Rb2 0-1


[Site "https://www.chess.com"]

[Event "Titled Tuesday Blitz February 22 Early 2022"]
[White "Samant Aditya S"]
[Black "Ozates, Tuna"]
[WhiteFideId "35080580"]
[BlackFideId "6354521"]
[WhiteElo "1916"]
[BlackElo "1872"]
[Result "1/2-1/2"]
[Round "07"]
[TimeControl "180+1"]
[Date "2022.02.22"]
[WhiteClock "0:00:03"]
[BlackClock "0:00:59"]

1. e4 e5 2. Nf3 Nc6 3. d4 exd4 4. Bc4 Nf6 5. O-O Nxe4 6. Re1 d5 7. Nc3 dxc3 8. Bxd5 Be7 9. Bxc6+ bxc6 10. Qxd8+ Kxd8 11. Rxe4 cxb2 12. Bxb2 f6 13. Rd1+ Bd6 14. Ba3 Bf5 15. Rc4 Kd7 16. Nd4 Be4 17. Nb3 Bd5 18. Nc5+ Ke7 19. Rcd4 Bxa2 20. c4 Rab8 21. h4 Rhe8 22. g3 Kf7 23. R1d2 Bb1 24. Na6 Rb6 25. Bxd6 cxd6 26. Nc7 Re1+ 27. Kg2 c5 28. Rxd6 Be4+ 29. f3 Rxd6 30. Rxd6 Re2+ 31. Kf1 Bxf3 32. Nb5 a5 33. Rd7+ Kg6 34. Nd6 a4 35. Ra7 Ra2 36. Nf7 Be2+ 37. Ke1 Bxc4 38. Nh8+ Kh6 39. g4 a3 40. Ra6 Bxa6 41. Nf7+ Kg6 42. Nh8+ Kh6 43. Nf7+ Kg6 44. Nh8+ Kh6 1/2-1/2


[Site "https://www.chess.com"]

[Event "Titled Tuesday Blitz February 22 Early 2022"]
[White "Sanchez Alvares, Kelvin Antonio"]
[Black "Qashashvili, Alexandre"]
[WhiteFideId "3906680"]
[BlackFideId "13600842"]
[WhiteElo "2193"]
[BlackElo "2316"]
[Result "1-0"]
[Round "07"]
[TimeControl "180+1"]
[Date "2022.02.22"]
[WhiteClock "0:00:14"]
[BlackClock "0:00:17"]

1. d4 d5 2. c4 c6 3. Nf3 Nf6 4. Nc3 Bf5 5. Qb3 b6 6. cxd5 Nxd5 7. e4 Nxc3 8. exf5 Nd5 9. Bd3 g6 10. fxg6 hxg6 11. O-O Bg7 12. Bd2 Qd6 13. Rfe1 Nd7 14. h3 O-O 15. Rac1 Rfe8 16. Be4 N7f6 17. Bb1 Rac8 18. Ne5 Nd7 19. f4 Nxe5 20. dxe5 Qe6 21. f5 gxf5 22. Qf3 f4 23. Qe4 Qh6 24. e6 fxe6 25. Qxe6+ Qxe6 26. Rxe6 Bxb2 27. Rcxc6 Rxc6 28. Rxc6 Bd4+ 29. Kf1 e5 30. Be4 Rd8 31. Ke2 Rd7 32. h4 Ne7 33. Rf6 Nd5 34. Re6 Kf7 35. Rc6 Ne7 36. Rh6 Kg7 37. Rh7+ Kf6 38. h5 Rd8 39. h6 Nf5 40. Rxa7 Ng3+ 41. Kf3 Nxe4 42. Kxe4 b5 43. Ra6+ Kg5 44. h7 Rh8 45. g3 Bb2 46. gxf4+ exf4 47. Bxf4+ Kh5 48. Rh6+ Kg4 49. Rg6+ Kh5 50. Rh6+ Kg4 51. Bd2 Re8+ 52. Kd3 Bh8 53. Kc2 Kf3 54. Rh3+ Kg4 55. Rh6 Rc8+ 56. Kb3 Rd8 57. Bc3 Kf3 58. Bxh8 Ke4 59. Kb4 Rxh8 60. Kxb5 Kf5 61. a4 Kg5 62. Rh2 Kg6 63. a5 Rb8+ 64. Ka4 Kg7 65. h8=Q+ Rxh8 66. Rxh8 Kxh8 67. a6 Kg7 68. a7 Kf6 69. a8=Q Ke5 70. Qb8+ Kd4 71. Qb5 Kc3 72. Qb4+ Kd3 73. Qc5 Ke4 74. Qd6 Ke3 75. Qd5 Ke2 76. Qd4 Kf3 77. Qe5 Kf2 78. Qc3 Ke2 79. Kb4 Kf2 80. Qd3 Kg2 81. Qe3 Kh2 82. Qf3 Kg1 83. Qe2 Kh1 84. Kc3 Kg1 85. Kd3 Kh1 86. Ke3 Kg1 87. Kf3 Kh1 88. Qg2# 1-0


[Site "https://www.chess.com"]

[Event "Titled Tuesday Blitz February 22 Early 2022"]
[White "Sarana, Alexey"]
[Black "Blohberger, Felix"]
[WhiteFideId "24133795"]
[BlackFideId "1632051"]
[WhiteElo "2665"]
[BlackElo "2474"]
[Result "0-1"]
[Round "07"]
[TimeControl "180+1"]
[Date "2022.02.22"]
[WhiteClock "0:00:10"]
[BlackClock "0:00:10"]

1. d4 Nf6 2. c4 e6 3. Nc3 Bb4 4. e3 O-O 5. Bd3 d5 6. a3 Bxc3+ 7. bxc3 dxc4 8. Bxc4 c5 9. Ne2 Qc7 10. Bd3 b6 11. e4 Bb7 12. f3 Nc6 13. Bg5 cxd4 14. cxd4 Nxd4 15. Rc1 Qe5 16. Bf4 Qa5+ 17. Bd2 Qxa3 18. Rc3 Qd6 19. O-O Rfd8 20. Be3 Nxe2+ 21. Qxe2 Rac8 22. Rxc8 Rxc8 23. Rd1 Qe7 24. h4 h6 25. Ra1 Bc6 26. Qb2 Rd8 27. Bf1 Nh5 28. Qe5 Qxh4 29. Bf2 Qf6 30. Qxf6 Nxf6 31. Bc4 Rd7 32. Rc1 Ba4 33. Ba6 Rd1+ 34. Rxd1 Bxd1 35. Bg3 Nd7 36. Bb5 Nc5 37. Bb8 a6 38. Bf1 b5 39. Kf2 Bb3 40. Be2 Bc4 41. Bd1 a5 42. Ke3 a4 43. Kd4 Nd7 44. Bd6 f6 45. f4 e5+ 46. Kc3 exf4 47. Bxf4 a3 48. Bd6 a2 49. Kb2 Ne5 50. g3 b4 51. Ka1 b3 52. Ba3 Nd3 53. Bg4 Kf7 54. Bh5+ g6 55. Bg4 b2+ 56. Bxb2 Nxb2 57. Kxb2 h5 58. Bh3 Ke7 59. Bc8 Kd6 60. Bb7 Ke5 61. Bc6 g5 0-1


[Site "https://www.chess.com"]

[Event "Titled Tuesday Blitz February 22 Early 2022"]
[White "Sargissyan, Sargis"]
[Black "Voege, Tobias"]
[WhiteFideId "13303210"]
[BlackFideId "1270513"]
[WhiteElo "2174"]
[BlackElo "2335"]
[Result "1-0"]
[Round "07"]
[TimeControl "180+1"]
[Date "2022.02.22"]
[WhiteClock "0:00:05"]
[BlackClock "0:00:02"]

1. e4 e6 2. d4 d5 3. Nc3 Nf6 4. Bg5 Be7 5. e5 Nfd7 6. Bxe7 Qxe7 7. f4 a6 8. Nf3 c5 9. Qd2 Nc6 10. dxc5 Nxc5 11. Bd3 b5 12. Ne2 Bb7 13. Ned4 Rc8 14. O-O Ne4 15. Qe3 Nxd4 16. Nxd4 O-O 17. Kh1 f5 18. exf6 Rxf6 19. f5 exf5 20. Rxf5 Rxf5 21. Nxf5 Qe5 22. Bxe4 dxe4 23. Qg5 Qxb2 24. Rf1 Re8 25. Nh6+ Kh8 26. Nf7+ Kg8 27. Nd6 h6 28. Qg6 Re7 29. Nxb7 Qxc2 30. Nd6 Qd3 31. Rc1 Rc7 32. Re1 1-0


[Site "https://www.chess.com"]

[Event "Titled Tuesday Blitz February 22 Early 2022"]
[White "Shuvalov, Evgenij"]
[Black "Jodorcovsky Werjivker, Paulo"]
[WhiteFideId "4187237"]
[BlackFideId "3700305"]
[WhiteElo "2119"]
[BlackElo "2075"]
[Result "1-0"]
[Round "07"]
[TimeControl "180+1"]
[Date "2022.02.22"]
[WhiteClock "0:00:24"]
[BlackClock "0:00:05"]

1. Nf3 d5 2. c4 e6 3. g3 Nf6 4. Bg2 dxc4 5. Qa4+ Bd7 6. Qxc4 c5 7. Ne5 Qc8 8. O-O Nc6 9. Nxd7 Qxd7 10. d3 Be7 11. Be3 Rc8 12. Qc1 b6 13. Nc3 O-O 14. a3 Nd4 15. Qd1 Rfd8 16. a4 Nc6 17. Qd2 Nd5 18. Nxd5 exd5 19. d4 cxd4 20. Bxd4 Nxd4 21. Qxd4 Bf6 22. Qd2 Qf5 23. Rac1 Qe5 24. b3 d4 25. Bh3 Rxc1 26. Rxc1 g6 27. Qd3 Re8 28. Rc2 h5 29. Bg2 Kg7 30. h4 Qe6 31. Bf3 Rc8 32. Rc4 Rxc4 33. bxc4 Qd6 34. Kg2 Qb4 35. Bc6 Qc5 36. Bd5 Qb4 37. Qd1 Qc3 38. Qb1 Qd2 39. Qe4 Qb4 40. Qe8 Qe7 41. Qa8 Qxe2 42. Qxa7 Qe7 43. Qxb6 d3 44. a5 d2 45. Bf3 Qd7 46. Qb3 Bd4 47. Qd3 Qd8 48. Qxd2 Qf6 49. a6 Bc3 50. Qa2 Qd8 51. a7 Qf6 52. a8=Q Be5 53. Qd5 Kh6 54. c5 Qe7 55. c6 Bc7 56. Qxf7 Qxf7 57. Qxf7 Bxg3 58. fxg3 g5 59. Bxh5 g4 60. Qg6# 1-0


[Site "https://www.chess.com"]